 Dungeon Crawl Stone Soup version 0.24.0-41-g2ae2f7f1be (webtiles) character file.

Game seed: 8659417628811729340, levelgen mode: deterministic

1678 Kobolds4U the Destroyer (level 8, -26/41 HPs)
             Began as a Deep Elf Conjurer on Dec 15, 2019.
             Annihilated by a large slime creature (30 damage)
             ... on level 6 of the Dungeon.
             The game lasted 00:20:38 (6954 turns).

Kobolds4U the Destroyer (Deep Elf Conjurer)         Turns: 6954, Time: 00:20:38

Health: -26/41     AC:  7    Str:  6    XL:     8   Next: 70%
Magic:  3/14       EV: 13    Int: 25    God:
Gold:   276        SH:  0    Dex: 15    Spells: 3/13 levels left

rFire    . . .     SeeInvis .   r - +3 dagger (venom)
rCold    . . .     Gourm    .   (no shield)
rNeg     . . .     Faith    .   a - +0 robe
rPois    .         Spirit   .   C - +2 helmet {Int+3}
rElec    .         Reflect  .   t - +0 cloak
rCorr    .         Harm     .   p - +0 pair of gloves
MR       .....                  (no boots)
Stlth    ++........             f - amulet of regeneration
HPRegen  0.53/turn              (no ring)
MPRegen  0.14/turn              (no ring)

@: no status effects
A: no striking features
a: no special abilities


You were on level 6 of the Dungeon.
You were not hungry.

You visited 1 branch of the dungeon, and saw 6 of its levels.

You collected 276 gold pieces.

Inventory:

Hand Weapons
 r - a +3 dagger of venom (weapon)
 u - a +0 rapier
 v - a +2 short sword of holy wrath
Armour
 a - a +0 robe (worn)
 p - a +0 pair of gloves (worn)
 t - a +0 cloak (worn)
 C - a +2 helmet of intelligence (worn)
Jewellery
 f - an amulet of regeneration (around neck)
Wands
 B - a wand of flame (4)
 D - a wand of polymorph (3)
Scrolls
 b - 5 scrolls of remove curse {unknown}
 i - a scroll of random uselessness {unknown}
 j - 5 scrolls of immolation {unknown}
 k - a scroll of amnesia {unknown}
 l - a scroll of magic mapping {unknown}
 m - 3 scrolls of enchant armour {unknown}
 n - 3 scrolls of fog {unknown}
 o - 3 scrolls of noise {unknown}
 s - a scroll of enchant weapon {unknown}
 w - 3 scrolls of teleportation {unknown}
 y - a scroll of blinking {unknown}
 z - 3 scrolls of identify {unknown}
 H - a scroll of holy word {unknown}
Potions
 d - a potion of haste {unknown}
 e - 2 potions of curing
 g - a potion of agility {unknown}
 h - 2 potions of lignification {unknown}
 q - 2 potions of ambrosia {unknown}
 x - 2 potions of magic {unknown}
 A - a potion of mutation {unknown}
 F - a potion of might {unknown}
 G - a potion of cancellation {unknown}
Comestibles
 c - 9 rations


   Skills:
 - Level 2.4 Dodging
 - Level 2.4 Stealth
 - Level 3.0 Spellcasting
 + Level 12.5 Conjurations


You had 3 spell levels left.
You knew the following spells:

 Your Spells              Type           Power        Failure   Level  Hunger
a - Magic Dart            Conj           ####         1%          1    None
b - Searing Ray           Conj           ######       1%          2    ##.....
c - Dazzling Spray        Conj/Hex       #####.       2%          3    ###....
d - Force Lance           Conj/Tloc      #####...     8%          4    ####...

Your spell library contained the following spells:

 Spells                   Type           Power        Failure   Level  Hunger
 Iskenderun's Mystic Bla  Conj           ######..     1%          4    ####...
 Fulminant Prism          Conj/Hex       #####.....   8%          4    ####...


Dungeon Overview and Level Annotations

Branches:
Dungeon (6/15)
 Temple: D:4-7

Altars:
Cheibriados
Elyvilon
Kikubaaqudgha
Makhleb
Nemelex Xobeh
Ru
Trog
Xom
The Shining One

Annotations:
D:4 2 transporters, diiiiiane's ghost, amateur OpAs
D:5 2 transporters, dasteron's ghost, amateur TrMo


Message History

The fungus seems to be corroded for longer.
The fungus is destroyed!
Two slime creatures merge to form a large slime creature.
Things that are here:
a +0 club; a kobold corpse
Casting: Dazzling Spray (safe; 2% risk of failure)
Confirm with . or Enter, or press ? or * to list all spells.
Aiming: Searing Ray (safe; 1% risk of failure)
Press: ? - help, Shift-Dir - straight line The searing ray hits the large slime creature!
The large slime creature is moderately wounded. (Press . to maintain the ray.)
The searing ray misses the large slime creature.
The searing ray hits the jelly!
The jelly is heavily wounded.
The large slime creature hits you!
* * * LOW HITPOINT WARNING * * *
The large slime creature hits you!!
Ouch! That really hurt!
You die...

##.###### ##.# ##.#
##.####### #........#.
..#........ #...#######
...##.# ###
#..##.##)÷J...##@#######
#..##.##÷P...P#J#.#....#####
#.###.##÷...JJ#J#.#...(.##.#
......##PP.PP.#.#'#.(....'(##
##.#####....JJ#.#......))(.(#
#.# #÷..PP.#J#........'((#
#[# #÷.....#J#.......##..#
#.# #.PP÷J.J##......###.(#
#.# #÷....J########## ##)#


You could see a large slime creature, a slime creature, a jelly and 2 oozes.

Vanquished Creatures
  Duvessa (D:4)
  2 sky beasts
  An ice beast (D:5)
  2 ogres (D:4)
  2 big kobolds (D:6)
  A bullfrog (D:6)
  Dowan (D:4)
  A scorpion (D:5)
  A crimson imp (D:5)
  A centaur zombie (D:5)
  A quasit (D:5)
  2 jellies
  An orc priest (D:3)
  A centaur skeleton (D:4)
  2 orc wizards (D:3)
  3 hounds
  4 worker ants
  A hound skeleton (D:4)
  A worker ant zombie (D:5)
  Robin (D:3)
  8 gnolls (D:4)
  2 howler monkey skeletons
  9 adders
  An ooze (D:6)
  2 adder skeletons (D:4)
  7 worms
  A dart slug (D:2)
  4 leopard geckos
  19 orcs
  5 bats
  13 goblins
  4 hobgoblins
  6 jackals (D:4)
  3 quokkas
  3 frilled lizards
  14 kobolds
  A leopard gecko skeleton (D:4)
  9 rats
141 creatures vanquished.

Vanquished Creatures (others)
  An orc wizard (D:3)
  A quokka (D:4)
  A fungus (D:6)
  8 plants (D:4)
  5 toadstools (D:6)
16 creatures vanquished.

Grand Total: 157 creatures vanquished

Notes
Turn   | Place    | Note
-------+----------+-------------------------------------------
     0 | D:1      | Kobolds4U the Deep Elf Conjurer began the quest for the
                  | Orb.
     0 | D:1      | Reached XP level 1. HP: 10/10 MP: 6/6
   192 | D:1      | Reached XP level 2. HP: 15/15 MP: 5/8
   196 | D:1      | Learned a level 2 spell: Searing Ray
   409 | D:1      | Reached skill level 5 in Conjurations
  1194 | D:2      | Reached XP level 3. HP: 19/19 MP: 5/9
  1578 | D:2      | Found a snail-covered altar of Cheibriados.
  1709 | D:2      | Reached skill level 6 in Conjurations
  2003 | D:3      | Reached XP level 4. HP: 24/24 MP: 1/10
  2008 | D:3      | Learned a level 3 spell: Dazzling Spray
  2066 | D:3      | HP: 1/24 [poisoned by an adder]
  2978 | D:3      | Reached skill level 7 in Conjurations
  2978 | D:3      | Reached XP level 5. HP: 11/28 MP: 4/11
  3189 | D:3      | Found an ancient bone altar of Kikubaaqudgha.
  3218 | D:3      | Found a burning altar of Makhleb.
  3667 | D:3      | Reached skill level 8 in Conjurations
  3667 | D:3      | Reached XP level 6. HP: 23/32 MP: 1/12
  4331 | D:4      | Reached skill level 9 in Conjurations
  4348 | D:4      | Reached XP level 7. HP: 28/36 MP: 3/13
  4607 | D:4      | Noticed Duvessa
  4623 | D:4      | Killed Duvessa
  4623 | D:4      | Reached skill level 10 in Conjurations
  4623 | D:4      | Noticed Dowan
  4626 | D:4      | Noticed Robin
  4722 | D:3      | Killed Robin
  4772 | D:4      | Killed Dowan
  5008 | D:4      | Found a white marble altar of Elyvilon.
  5188 | D:4      | Noticed diiiiiane's ghost (amateur OpAs)
  5189 | D:4      | Found a transporter.
  5192 | D:4      | Found a transporter.
  5327 | D:5      | Entered Level 5 of the Dungeon
  5565 | D:5      | Learned a level 4 spell: Force Lance
  5592 | D:5      | Found a bloodstained altar of Trog.
  5718 | D:5      | Reached skill level 11 in Conjurations
  5718 | D:5      | Reached XP level 8. HP: 37/41 MP: 9/14
  6256 | D:5      | Found a sacrificial altar of Ru.
  6257 | D:5      | Found a shimmering altar of Xom.
  6299 | D:5      | Found a glowing golden altar of the Shining One.
  6342 | D:5      | Noticed dasteron's ghost (amateur TrMo)
  6343 | D:5      | Identified the +5 dire flail "Botweusm" {distort, +Inv rC+
                  | rN++}
  6345 | D:5      | Found a transporter.
  6352 | D:5      | Found a transporter.
  6421 | D:5      | Found a sparkling altar of Nemelex Xobeh.
  6664 | D:6      | Reached skill level 12 in Conjurations
  6939 | D:6      | Noticed a slime creature
  6940 | D:6      | Noticed a slime creature
  6940 | D:6      | Noticed a slime creature
  6954 | D:6      | Annihilated by a large slime creature

Levels and vault maps discovered:
D:1:      lightli_arrival_isolated_outpost, layout_basic, due_unseen_surprise
D:2:      layout_basic, kennysheep_slug_shrine, moated_statue
D:3:      layout_basic, lemuel_round_altar, makhleb_blood_cavern_becter,
          first_ration
D:4:      layout_loops_ring, elyvilon_altar_4, gammafunk_ghost_smash,
          serial_bayou, serial_bayou_shore_a, serial_bayou_pond_d,
          serial_bayou_shore_b, serial_bayou_lagoon_a, serial_bayou_pond_a,
          uniq_duvessa, uniq_robin
D:5:      layout_rooms, lemuel_round_altar, tso_oasis_becter,
          overflow_temple_1_default, gammafunk_temple_overflow_pools,
          gammafunk_ghost_smash
D:6:      cheibrodos_fertilizer, layout_loops_ring,
          nicolae_qazlal_style_of_elements

Skill      XL: |  1  2  3  4  5  6  7  8 |
---------------+-------------------------+-----
Conjurations   | 5 6 7 8 9 11 12 | 12.5
Dodging        | |  2.4
Stealth        | |  2.4
Spellcasting   | |  3.0

Action                   |  1- 3 |  4- 6 |  7- 9 || total
-------------------------+-------+-------+-------++-------
Melee: Unarmed           |     2 |       |       ||     2
       Dagger            |     6 |    52 |   108 ||   166
 Cast: Magic Dart        |    60 |    46 |    62 ||   168
       Searing Ray       |     4 |    13 |    11 ||    28
       Dazzling Spray    |       |     7 |     9 ||    16
  Use: Potion            |       |     1 |       ||     1
 Stab: Sleeping          |     7 |     2 |     8 ||    17
       Invisible         |       |       |     4 ||     4
  Eat: Chunk             |     3 |     9 |     9 ||    21
Armor: Robe              |     4 |    13 |    51 ||    68
Dodge: Dodged            |    12 |    56 |   109 ||   177
